 Dungeon Crawl Stone Soup version 0.29.1-15-g9cfb28693d (webtiles) character file.

Game seed: 11379243979507091270

9393 Hugehornet the Protected (level 11, 0/60 HPs)
             Began as a Gargoyle Fighter on Mar 22, 2023.
             Was a High Priest of Okawaru.
             Slain by a komodo dragon (14 damage)
             ... on level 1 of the Lair of Beasts.
             The game lasted 00:42:10 (14505 turns).

Hugehornet the Protected (Gargoyle Fighter)        Turns: 14505, Time: 00:42:11

Health: 0/60       AC: 20    Str: 19    XL:     11   Next: 45%
Magic:  18/18      EV:  8    Int: 14    God:    Okawaru [*****.]
Gold:   1515       SH: 15    Dex:  9    Spells: 12/20 levels left

rFire   . . .      SeeInvis .   B - +1 morningstar (flame)
rCold   . . .      Faith    .   j - +0 kite shield
rNeg    + . .      Spirit   .   b - +0 scale mail
rPois   ∞          Reflect  +   (no helmet)
rElec   +          Harm     .   (no cloak)
rCorr   .          Rampage  .   (no gloves)
Will    +....                   (no boots)
Stlth   ..........              v - amulet of reflection
HPRegen 0.20/turn               k - ring of willpower
MPRegen 0.16/turn               K - +4 ring of protection

@: no status effects
A: sickness immunity, AC +8, negative energy resistance 1, electricity
resistance, torment resistance 1, petrification resistance
a: Renounce Religion, Heroism, Finesse, Duel


You were on level 1 of the Lair of Beasts.
You worshipped Okawaru.
Okawaru was extremely pleased with you.
You visited 3 branches of the dungeon, and saw 11 of its levels.

You collected 1595 gold pieces.
You spent 80 gold pieces at shops.

Inventory:

Hand Weapons
 a - a +0 war axe
 y - a +0 hand axe of venom
 B - a +1 morningstar of flaming (weapon)
 F - the +7 dagger "Atsaos" {freeze, *Noise rC+ rCorr}
   (You found it on level 5 of the Dungeon)

   It freezes those it strikes, dealing additional cold damage.
   It can also slow down cold-blooded creatures.
   rC:        It protects you from cold.
   *Noise:    It may make noises in combat.
   rCorr:     It protects you from acid and corrosion.
 H - a +0 trident
 L - a +5 flail
 M - a -1 demon whip of venom
Missiles
 J - 3 throwing nets (quivered)
Armour
 b - a +0 scale mail (worn)
 c - a +0 buckler
 j - a +0 kite shield (worn)
 s - a +0 chain mail
 u - a +2 leather armour of cold resistance
 A - a +0 plate armour
Jewellery
 k - a ring of willpower (left hand)
 v - an amulet of reflection (around neck)
 w - a ring of magical power
 K - a +4 ring of protection (right hand)
Wands
 d - a wand of iceblast (28)
 I - a wand of digging (6)
Scrolls
 e - 2 scrolls of fear
 g - 2 scrolls of immolation
 h - 4 scrolls of amnesia
 i - a scroll of identify
 l - 4 scrolls of teleportation
 m - 2 scrolls of vulnerability
 n - 2 scrolls of summoning
 t - a scroll of enchant armour
 z - a scroll of magic mapping {unknown}
 C - a scroll of brand weapon {unknown}
 E - 2 scrolls of silence {unknown}
 G - a scroll of torment {unknown}
Potions
 f - 2 potions of mutation
 o - 2 potions of flight
 p - 2 potions of brilliance
 q - 4 potions of lignification
 r - a potion of resistance
 x - a potion of attraction
 D - a potion of cancellation


   Skills:
 - Level 3.2 Fighting
 - Level 4.0(5.9) Axes
 * Level 7.2(7.9) Maces & Flails
 * Level 9.8 Armour
 * Level 9.2 Shields
 + Level 5.1 Spellcasting
 + Level 7.2 Translocations
 * Level 3.7 Invocations


You had 12 spell levels left.
You knew the following spells:

 Your Spells              Type           Power      Damage    Failure   Level
a - Blink                 Tloc           46%        N/A       8%          2
b - Lesser Beckoning      Tloc           23%        N/A       16%         3
c - Swiftness             Air            3%         N/A       96%         3

Your spell library contained the following spells:

 Spells                   Type           Power      Damage    Failure   Level
 Shock                    Conj/Air       12%        1d3       69%         1
 Manifold Assault         Tloc           23%        N/A       80%         5
 Wereblood                Tmut           3%         N/A       83%         2
 Frozen Ramparts          Ice            6%         1d1       96%         3
 Airstrike                Air            1%         2d(1-17)  100%        4
 Ice Form                 Ice/Tmut       3%         N/A       100%        4
 Sublimation of Blood     Necr           Unusable   N/A       N/A         2
 Summon Ice Beast         Ice/Summ       Unusable   N/A       N/A         4
 Summon Hydra             Summ           Unusable   N/A       N/A         7

Dungeon Overview and Level Annotations

Branches:
Dungeon (9/15)             Temple (1/1) D:6            Lair (1/5) D:8
    Orc (0/2) D:9

Altars:
Ashenzari
Cheibriados
Dithmenos
Elyvilon
Fedhas
Gozag
Hepliaklqana
Kikubaaqudgha
Makhleb
Nemelex Xobeh
Okawaru
Qazlal
Ru
Sif Muna
Trog
Vehumet
Wu Jian
Xom
Yredelemnul
Zin
The Shining One

Shops:
D:6 *

Annotations:
D:5 2 transporters


Innate Abilities, Weirdness & Mutations

You are immune to sickness and miasma.
Your stone body is resilient. (AC +8)
You are immune to poison.
You resist negative energy. (rN+)
You are resistant to electric shocks. (rElec)
You are resistant to unholy torment.
You are immune to petrification.


Message History

You hit the komodo dragon but do no damage.
The komodo dragon completely misses you.
You hit the komodo dragon but do no damage.
The komodo dragon bites you.
You hit the komodo dragon. You burn the komodo dragon.
The komodo dragon is lightly wounded.
The komodo dragon bites you but does no damage.
You block the komodo dragon's attack.
You closely miss the komodo dragon.
The komodo dragon is lightly wounded.
The komodo dragon bites you!
You thump the komodo dragon! You burn the komodo dragon.
The komodo dragon is heavily wounded.
The komodo dragon bites you!!
You are too injured to fight recklessly!
You are too injured to fight recklessly!
You are too injured to fight recklessly!
You closely miss the komodo dragon.
The komodo dragon is heavily wounded.
You block the komodo dragon's attack.
You closely miss the komodo dragon.
The komodo dragon is heavily wounded.
You block the komodo dragon's attack. x2
You puncture the komodo dragon! You burn the komodo dragon.
The komodo dragon is severely wounded.
The komodo dragon bites you.
You closely miss the komodo dragon.
The komodo dragon is severely wounded.
You block the komodo dragon's attack.
You barely miss the komodo dragon.
The komodo dragon is severely wounded.
The komodo dragon bites you.
You closely miss the komodo dragon.
The komodo dragon is severely wounded.
The komodo dragon bites you.
* * * LOW HITPOINT WARNING * * *
You closely miss the komodo dragon.
The komodo dragon is severely wounded.
The komodo dragon bites you!
You die...

#..##..#....#### ###
####### #.P............#
...............#
#(#............# #
#............##
#...............#
#.P............##### #
..#.............##.##.###..
.#..............@l.........
......>..................#
..............#..........#
.............#...........
............##.#.##.
............# .###
...#..##...# .# ...#..
#...# .#


You could see a komodo dragon.

Vanquished Creatures
  Harold (D:9)
  Amaemon (D:8)
  5 elephants
  An orange demon (D:8)
  A troll (D:9)
  Grinder (D:6)
  Sigmund (D:3)
  2 wyverns (D:8)
  4 yaks (D:8)
  A black bear (D:3)
  3 orc warriors (D:9)
  7 ogres
  3 centaurs
  2 phantoms
  6 kobold brigands
  4 gnoll sergeants
  4 bullfrogs
  A necrophage (D:6)
  2 scorpions (D:4)
  8 wights (D:8)
  10 killer bees
  7 howler monkeys
  6 hounds
  4 jellies
  4 orc priests
  A gnoll bouda (D:3)
  4 iguanas
  Ijyb (D:3)
  8 orc wizards
  28 gnolls
  8 adders
  A shadow imp (D:5)
  An ufetubus (D:4)
  2 worms
  2 dart slugs
  39 orcs
  12 endoplasms
  4 giant cockroaches
  9 goblins
  4 hobgoblins
  3 jackals (D:3)
  2 quokkas
  11 ball pythons
  4 bats
  5 frilled lizards (D:2)
  20 kobolds
  8 rats
266 creatures vanquished.

Vanquished Creatures (others)
  2 fungi (Lair:1)
  3 plants (Lair:1)
5 creatures vanquished.

Grand Total: 271 creatures vanquished

Notes
Turn   | Place    | Note
-------+----------+-------------------------------------------
     0 | D:1      | Hugehornet the Gargoyle Fighter began the quest for the
                  | Orb.
     0 | D:1      | Reached XP level 1. HP: 14/14 MP: 1/1
   144 | D:1      | Found a faded altar of an unknown god.
   293 | D:1      | Reached XP level 2. HP: 19/19 MP: 2/2
  1283 | D:2      | Reached XP level 3. HP: 23/23 MP: 3/3
  1286 | D:2      | Learned a level 2 spell: Blink
  1951 | D:3      | Reached XP level 4. HP: 18/28 MP: 4/4
  2212 | D:3      | Reached skill level 1 in Translocations
  2702 | D:3      | Noticed Ijyb
  2719 | D:3      | Reached skill level 1 in Spellcasting
  2733 | D:3      | Killed Ijyb
  2734 | D:3      | Reached XP level 5. HP: 13/32 MP: 6/6
  3084 | D:3      | Noticed Sigmund
  3095 | D:3      | Killed Sigmund
  3096 | D:3      | Reached XP level 6. HP: 33/37 MP: 6/8
  3307 | D:4      | Reached skill level 5 in Armour
  3597 | D:4      | Reached XP level 7. HP: 39/41 MP: 9/9
  4499 | D:4      | Reached skill level 1 in Maces & Flails
  4692 | D:4      | Learned a level 3 spell: Lesser Beckoning
  4696 | D:4      | Learned a level 3 spell: Swiftness
  4698 | D:4      | Found a glowing silver altar of Zin.
  4947 | D:4      | Found a stormy altar of Qazlal.
  5075 | D:5      | Entered Level 5 of the Dungeon
  5186 | D:5      | Found a transporter.
  5188 | D:5      | Found a transporter.
  5188 | D:5      | Noticed a shadow
  5189 | D:5      | Noticed a troll
  5326 | D:5      | Found a basalt altar of Yredelemnul.
  5346 | D:5      | Reached XP level 8. HP: 38/46 MP: 11/11
  5599 | D:5      | Identified the +7 dagger "Atsaos" {freeze, *Noise rC+
                  | rCorr}
  5622 | D:5      | Reached skill level 5 in Shields
  6121 | D:6      | Noticed Grinder
  6137 | D:6      | Killed Grinder
  6277 | D:6      | Found a radiant altar of Vehumet.
  6774 | D:6      | Found a hazy altar of Hepliaklqana.
  6774 | D:6      | Found a burning altar of Makhleb.
  6876 | D:6      | Reached XP level 9. HP: 22/51 MP: 13/13
  7045 | D:6      | Found Yhu Udil's Assorted Antiques.
  7056 | D:6      | Bought a scroll labelled XAVIUD ENEVVIO for 20 gold pieces
  7056 | D:6      | Bought a potion of curing for 60 gold pieces
  7179 | D:6      | Found a staircase to the Ecumenical Temple.
  7212 | Temple   | Entered the Ecumenical Temple
  7403 | Temple   | Became a worshipper of Warmaster Okawaru
  7625 | D:6      | Found a sacrificial altar of Ru.
  8184 | D:6      | Reached skill level 5 in Translocations
  8458 | D:7      | Reached * piety under Okawaru
  8569 | D:7      | Found a blossoming altar of Fedhas.
  9083 | D:7      | Found a shadowy altar of Dithmenos.
  9549 | D:8      | Reached skill level 5 in Maces & Flails
  9902 | D:8      | Reached ** piety under Okawaru
  9903 | D:8      | Reached XP level 10. HP: 54/56 MP: 16/16
  9989 | D:8      | Found a staircase to the Lair.
 10314 | D:8      | Noticed an orange demon
 10315 | D:8      | Noticed Amaemon
 10362 | D:8      | Killed an orange demon
 10421 | D:8      | Killed Amaemon
 10421 | D:8      | Reached *** piety under Okawaru
 10988 | D:9      | Noticed Harold
 11007 | D:9      | Killed Harold
 11413 | D:9      | Found a staircase to the Orcish Mines.
 11702 | D:8      | Reached skill level 1 in Invocations
 11927 | D:8      | Reached **** piety under Okawaru
 12110 | D:8      | Identified a scroll of acquirement
 12112 | D:8      | Acquired 967 gold pieces
 12204 | D:9      | Found a sparkling altar of Nemelex Xobeh.
 12227 | D:9      | Reached XP level 11. HP: 60/60 MP: 18/18
 12576 | D:9      | Found an ancient bone altar of Kikubaaqudgha.
 12969 | D:9      | Reached skill level 5 in Spellcasting
 13376 | Lair:1   | Entered Level 1 of the Lair of Beasts
 14225 | D:8      | Reached ***** piety under Okawaru
 14505 | Lair:1   | Slain by a komodo dragon

Illustrated notes

Levels and vault maps discovered:
D:1:      scummos_arrival_forest, layout_loops_corners,
          ebering_ecumenical_altar_mist, st_stairs_6, minmay_misc_feat_tiny,
          hangedman_decor_push, moated_statue
D:2:      layout_basic, hangedman_feature_mirror
D:3:      layout_loops_ring, uniq_ijyb, uniq_crazy_yiuf_cottage, uniq_sigmund
D:4:      layout_rooms, mainiacjoe_overflow_paths,
          mainiacjoe_overflow_surrounded_room, minmay_vboxes
D:5:      layout_basic, gammafunk_temple_overflow_arena
D:6:      layout_loops_ring, nicolae_ru_sacrificial_ziggurat,
          mainiacjoe_overflow_alcove_2, gammafunk_temple_overflow_wave,
          minmay_temple_entry_nine_rooms, serial_shops, nicolae_shop_trees,
          uniq_grinder
D:7:      layout_loops_cross, nicolae_dithmenos_through_a_glass_darkly,
          general_overflow_altar
D:8:      layout_loops_cross, dpeg_oklobed_lair, uniq_amaemon
D:9:      layout_cave_pools, mainiacjoe_overflow_tiny_flanked,
          amcnicky_altar_gilded, kennysheep_orc_monster_closet_entryway,
          uniq_harold
Temple:   eino_temple_lava
Lair:1:   layout_gridlike

Skill      XL: |  1  2  3  4  5  6  7  8  9 10 11 |
---------------+----------------------------------+-----
Axes           | 2 3 4 |  4.0
Armour         | 4 5 7 8 9 |  9.8
Translocations | 1 2 3 4 5 6 7 |  7.2
Spellcasting   | 1 2 3 4 5 |  5.1
Shields        | 4 5 7 8 9 |  9.2
Maces & Flails | 1 3 5 6 7 |  7.2
Invocations    | 1 3 |  3.7
Fighting       | |  3.2

Action                   |  1- 3 |  4- 6 |  7- 9 | 10-12 || total
-------------------------+-------+-------+-------+-------++-------
Melee: War axe           |   141 |   138 |    46 |       ||   325
       Morningstar       |       |       |   557 |   425 ||   982
 Cast: Blink             |       |       |       |    14 ||    14
Invok: Heroism           |       |       |     1 |       ||     1
  Use: Scroll            |     7 |       |     5 |    10 ||    22
       Potion            |       |     2 |     3 |     7 ||    12
Armor: Scale mail        |    88 |    49 |   393 |   287 ||   817
       Chain mail        |       |    17 |       |       ||    17
Dodge: Dodged            |    75 |    64 |   241 |   129 ||   509
Block: Buckler           |    28 |    57 |    86 |       ||   171
       Kite shield       |       |       |   500 |   441 ||   941
       Reflection        |       |       |    18 |    14 ||    32
